 Dungeon Crawl Stone Soup version 0.29-a0-121-g8efb068a30 (webtiles) character file.

Game seed: 5198539497621549967

27 Grim the Shield-Bearer (level 3, 29/29 HPs)
             Began as a Formicid Fighter on Feb 20, 2022.
             Was a Follower of Wu Jian.
             Quit the game on level 1 of the Dungeon.
             The game lasted 00:01:43 (905 turns).

Grim the Shield-Bearer (Formicid Fighter)            Turns: 905, Time: 00:01:43

Health: 29/29      AC: 13    Str: 20    XL:     3   Next: 25%
Magic:  3/3        EV:  9    Int:  9    God:    Wu Jian [*.....]
Gold:   25         SH:  4    Dex: 10    Spells: 2/2 levels left

rFire   . . .      SeeInvis +   a - +0 war axe
rCold   . . .      Faith    .   c - +0 buckler
rNeg    . . .      Spirit   .   b - +0 scale mail
rPois   .          Reflect  .   (helmet unavailable)
rElec   .          Harm     .   (no cloak)
rCorr   .          Rampage  .   e - +1 pair of gloves
Will    .....                   (no boots)
Stlth   ..........              (no amulet)
HPRegen 0.09/turn               g - +4 ring of protection
MPRegen 0.08/turn               (no ring)

@: no status effects
A: permanent stasis, dig shafts and tunnels, antennae 3, four strong arms
a: Dig, Shaft Self, Renounce Religion


You were on level 1 of the Dungeon.
You worshipped Wu Jian.
Wu Jian was aware of your devotion.
You visited 1 branch of the dungeon, and saw 1 of its levels.

You collected 25 gold pieces.

Inventory:

Hand Weapons
 a - a +0 war axe (weapon)
Armour
 b - a +0 scale mail (worn)
 c - a +0 buckler (worn)
 e - a +1 pair of gloves (worn)
Jewellery
 g - a +4 ring of protection (left hand)
Scrolls
 f - a scroll of noise {unknown}
 h - a scroll of teleportation {unknown}
Potions
 d - a potion of might
 i - a potion of curing {unknown}


   Skills:
 - Level 3.2 Fighting
 + Level 3.5 Axes
 - Level 3.2 Armour
 - Level 3.6 Shields


You had 2 spell levels left.
You didn't know any spells.
Your spell library contained the following spells:

 Spells                   Type           Power      Damage    Failure   Level
 Magic Dart               Conj           0%         1d3       80%         1
 Call Imp                 Summ           0%         N/A       91%         2
 Searing Ray              Conj           0%         2d4       91%         2
 Mephitic Cloud           Conj/Pois/Air  0%         N/A       99%         3
 Fulminant Prism          Conj/Hex       0%         3d6       100%        4


Dungeon Overview and Level Annotations

Branches:
Dungeon (1/15)

Altars:
Wu Jian


Innate Abilities, Weirdness & Mutations

You cannot be hasted, slowed, berserked, paralysed or teleported.
You can dig through walls and to a lower floor.
You have a pair of large antennae on your head. (SInv)
Your four strong arms can wield two-handed weapons with a shield.


Message History

You hit the goblin.
The goblin is heavily wounded.
The goblin hits you but does no damage. The goblin hits you with a +0 dagger.
You miss the goblin.
The goblin is heavily wounded.
The goblin barely misses you.
You slash the goblin!
You kill the goblin!
The Council accepts your kill.
You closely miss the rat.
The rat bites you but does no damage. x2
You barely miss the rat. The rat bites you but does no damage.
You barely miss the rat. The rat closely misses you.
You closely miss the rat. The rat bites you but does no damage.
The rat closely misses you.
You hit the rat.
You kill the rat!
The Council accepts your kill.
Things that are here:
a +0 dagger; a rat corpse You now have 25 gold pieces (gained 6).
Done exploring.
Done exploring.
Done exploring.
(D) Dungeon
Where to? (? - help)
Things that are here:
a +0 short sword; 5 stones A rat is nearby!
A rat is nearby!
You lunge at the rat.
You closely miss the rat. The rat bites you but does no damage.
You slash the rat!
You kill the rat!
The Council accepts your kill.
No target in view!
Done exploring.
Done exploring.
Okay, then.
Done exploring.
Are you sure you want to abandon this character and quit the game? (Confirm with "yes".)

# #.# #.#.....#..≈..#... # #.#
#.#8..≈....≈....≈. ### #.#
#.##...≈..≈≈≈..≈.. ..# #.#
#.#.....≈≈≈≈≈≈≈... ..# #.#
#.....≈≈≈≈...≈≈≈≈. ..# #.#
#...≈≈≈≈≈..<..≈≈≈≈ ).# #.#
#.....≈≈≈≈...≈≈≈≈. ..# #.#
#†#.....≈≈≈≈≈≈≈... ..# #.#
#@##...≈..≈≈≈..≈.. ###
###.########.#8..≈....≈....≈. #
#....).......#.....#..≈..#...
#####.#.########.....####...####.
......#.# #...#######.######
#######.# #......#..........
###...#.# #.####.#.#######.#
.#).#...# #.# #...# #.# ...###..#
#.# ##..# #.#


There were no monsters in sight!

Vanquished Creatures
  A dart slug (D:1)
  A ball python (D:1)
  3 bats (D:1)
  5 endoplasms (D:1)
  A hobgoblin (D:1)
  8 kobolds (D:1)
  A frilled lizard (D:1)
  2 goblins (D:1)
  2 rats (D:1)
24 creatures vanquished.

Notes
Turn   | Place    | Note
-------+----------+-------------------------------------------
     0 | D:1      | Grim the Formicid Fighter began the quest for the Orb.
     0 | D:1      | Reached XP level 1. HP: 18/18 MP: 1/1
   288 | D:1      | Reached XP level 2. HP: 16/24 MP: 2/2
   601 | D:1      | Found a faded altar of an unknown god.
   676 | D:1      | Prayed at the altar of an unknown god.
   676 | D:1      | Became a worshipper of the Wu Jian Council
   676 | D:1      | Reached * piety under Wu Jian
   712 | D:1      | Reached XP level 3. HP: 29/29 MP: 3/3
   905 | D:1      | Quit the game

Illustrated notes

Levels and vault maps discovered:
D:1:      eino_arrival_water_star, layout_basic,
          dreamdust_ecumenical_altar_angels_and_demons, minmay_strange_pillars

Skill      XL: |  1  2 |
---------------+-------+-----
Axes           | 3 |  3.5
Fighting       | |  3.2
Armour         | |  3.2
Shields        | |  3.6

Action                   || total
-------------------------++-------
Melee: War axe           ||    61
Invok: Lunge             ||     2
Armor: Scale mail        ||    36
Dodge: Dodged            ||    22
Block: Buckler           ||     8

Table legend: (Time is in decaauts)
 A = Elapsed time spent in this place.
 B = Non-inter-level travel time spent in this place.
 C = Inter-level travel time spent in this place.
 D = Time resting spent in this place.
 E = Time spent auto-exploring this place.
 F = Levels seen in this place.
 G = Mean time per level.
                   A        B        C        D        E       F      G
               +--------+--------+--------+--------+--------+-----+--------+
         Total |    927 |    907 |     20 |      0 |    672 |   1 |  927.0 |
       Dungeon |    927 |    907 |     20 |      0 |    672 |   1 |  927.0 |
               +--------+--------+--------+--------+--------+-----+--------+

Top non-repeatable levels by time:
     D:1: 927 daAuts
